 Dungeon Crawl Stone Soup version 0.31-a0-1-g4198be8af4 (webtiles) character file.

Game seed: 10949380633340604470

4410 Majang the Grappler (level 10, 0/88 (89) HPs)
             Began as an Armataur Fighter on May 2, 2023.
             Was a Believer of Qazlal.
             Killed by nerve-wracking pain
             ... invoked by a shadow imp
             ... summoned by a kobold demonologist
              (10 damage)
             ... on level 8 of the Dungeon.
             The game lasted 00:24:15 (7726 turns).

Majang the Grappler (Armataur Fighter)              Turns: 7726, Time: 00:24:16

HP:   0/88 (89)     AC: 10    Str: 25    XL:     10   Next: 14%
MP:   11/11         EV:  8    Int:  9    God:    Qazlal [**....]
Gold: 555           SH:  8    Dex: 10    Spells: 9/9 levels left

rFire   + .          .
                       - Unarmed
rCold   + . .        b - +1 buckler
rNeg    . . .        a - +0 scale mail
rPois   .            n - +0 hat
rElec   .            i - scarf {rC+ rF+}
rCorr   .            c - +2 pair of gloves
SInv    .            (no barding)
Will    .....        (no amulet) Stlth
                     (no ring)
HPRegen 0.34/turn    (no ring)
MPRegen 0.12/turn

%: roll
@: lightly drained
A: large, rugged brown scales 3, deformed body, armoured tail, roll, long
tongue, awkward tongue
a: Renounce Religion, Upheaval


You were on level 8 of the Dungeon.
You worshipped Qazlal.
Qazlal was pleased with you.
You visited 2 branches of the dungeon, and saw 9 of its levels.

You collected 555 gold pieces.

Inventory:

Missiles
 l - 4 silver javelins (quivered)
 u - 3 boomerangs
Armour
 a - a +0 scale mail (worn)
 b - a +1 buckler (worn)
 c - a +2 pair of gloves (worn)
 i - a scarf of resistance (worn)
 n - a +0 hat (worn)
Wands
 o - a wand of digging (7)
 q - a wand of mindburst (7)
 r - a wand of charming (6)
 v - a wand of acid (5)
Scrolls
 f - 9 scrolls of identify
 h - a scroll of enchant armour
 m - 2 scrolls of blinking
 p - 2 scrolls of enchant weapon {unknown}
 s - 4 scrolls of amnesia {unknown}
 t - a scroll of immolation
 x - a scroll of teleportation
Potions
 d - a potion of cancellation
 e - 2 potions of mutation {unknown}
 g - 4 potions of curing
 j - 3 potions of attraction
 k - a potion of heal wounds
 w - a potion of resistance {unknown}


   Skills:
 + Level 6.4 Fighting
 * Level 4.9 Throwing
 + Level 5.8 Armour
 + Level 2.6 Dodging
 + Level 5.4 Shields
 * Level 8.6 Unarmed Combat
 + Level 2.5 Invocations
 + Level 2.6 Evocations


You had 9 spell levels left.
You didn't know any spells.
Your spell library contained the following spells:

 Spells                   Type           Power      Damage    Failure   Level
 Summon Small Mammal      Summ           0%         N/A       71%         1
 Cigotuvi's Dreadful Rot  Necr/Pois/Air  0%         N/A       85%         2
 Lesser Beckoning         Tloc           0%         N/A       85%         2
 Static Discharge         Conj/Air       0%         2-2/arc   85%         2
 Call Canine Familiar     Summ           0%         N/A       97%         3
 Gell's Gravitas          Tloc           0%         N/A       97%         3
 Summon Guardian Golem    Hex/Summ       0%         N/A       97%         3
 Teleport Other           Tloc           0%         N/A       97%         3
 Airstrike                Air            0%         2d(0-16)  100%        4
 Dispel Undead            Necr           0%         3d6       100%        4
 Summon Lightning Spire   Summ/Air       0%         N/A       100%        4
 Death Channel            Necr           0%         N/A       100%        6


Dungeon Overview and Level Annotations

Branches:
Dungeon (8/15)             Temple (1/1) D:7
   Lair: D:8-11

Altars:
Ashenzari
Cheibriados
Dithmenos
Elyvilon
Gozag
Hepliaklqana
Makhleb
Qazlal
Sif Muna
Trog
Uskayaw
Vehumet
Wu Jian
Xom
Yredelemnul
The Shining One

Shops:
D:7 (


Innate Abilities, Weirdness & Mutations

You are completely covered in rugged brown scales. (AC +3, +7% HP)
Armour fits poorly on your strangely shaped body.
You have a long armoured tail.
You roll when moving toward enemies. (Rampage)
Your long tongue fully drains potion bottles. (2x potion effects)
Your tongue gives you trouble enunciating. (1.5x scroll delay)


Message History

The kobold demonologist is almost dead.
The crimson imp barely misses you.
The shadow imp hits you but does no damage.
The kobold demonologist barely misses you.
You closely miss the kobold demonologist.
Your tail-slap misses the kobold demonologist.
The kobold demonologist is almost dead.
The chaos spawn hits you. The chaos spawn freezes you. You resist.
The crimson imp hits you but does no damage.
The kobold demonologist hits you but does no damage.
You hit the kobold demonologist but do no damage.
Your tail-slap misses the kobold demonologist.
The kobold demonologist is almost dead.
You block the chaos spawn's attack.
The crimson imp blinks!
The kobold demonologist hits you with a +0 dagger of protection.
You closely miss the kobold demonologist.
The kobold demonologist is almost dead.
The chaos spawn closely misses you.
The shadow imp lashes its tail.
The shadow imp hits you but does no damage.
The iron imp hits you.
* * * LOW HITPOINT WARNING * * *
You barely miss the kobold demonologist.
Your tail-slap misses the kobold demonologist.
The kobold demonologist is almost dead.
You block the kobold demonologist's attack.
The chaos spawn gores you.
* * * LOW HITPOINT WARNING * * *
You feel drained. The shadow imp closely misses you.
You closely miss the kobold demonologist.
The kobold demonologist is almost dead.
The kobold demonologist hits you with a +0 dagger of protection.
* * * LOW HITPOINT WARNING * * *
The iron imp is engulfed in freezing vapours.
You block the iron imp's attack. The chaos spawn gores you!
* * * LOW HITPOINT WARNING * * *
The chaos spawn draws strength from your injuries!
The shadow imp gestures at you. Pain shoots through your body!
You die...

#####..##.##.#
#......<.....+
#............#
+..............
####.#############
#....#♣♣.♣♣ ....♣
#....#♣...♣♣.≈≈≈..
#....#..5.45.~~.♣
#....#♣.5@♣♣♣♣..♣
#....#♣♣K♣♣
#.....#....# #.#
#.....#....# ♣.♣
#.....#....#♣♣.♣♣#♣.♣
#.....#....#.......♣
#.....#....#♣...♣#♣.♣
#.....#....#♣♣.♣
#.....####.###.###
#############


You could see a kobold demonologist, a chaos spawn (summoned), an iron imp
(summoned), a crimson imp (summoned) and a shadow imp (summoned).

Vanquished Creatures
  Pikel (D:6)
  A tengu conjurer (D:8)
  A troll (D:7)
  Prince Ribbit (D:6)
  A steam dragon (D:8)
  A water moccasin (D:7)
  An orc warrior (D:7)
  A sky beast (D:7)
  2 ice beasts
  3 black bears
  4 centaurs
  2 ogres
  A lemure (D:6)
  A gnoll sergeant (D:8)
  2 kobold brigands (D:7)
  3 bullfrogs
  A necrophage (D:5)
  A scorpion (D:6)
  A wyvern zombie (D:5)
  6 wights
  A howler monkey (D:8)
  A centaur zombie (D:5)
  A bullfrog zombie (D:5)
  6 hounds
  A human zombie (D:5)
  A gnoll bouda (D:8)
  3 orc priests
  2 jellies
  2 sleepcaps
  2 iguanas (D:7)
  3 scorpion zombies (D:5)
  5 orc wizards
  2 mummies (D:5)
  A howler monkey zombie (D:5)
  8 adders
  3 gnolls (D:4)
  A shadow imp (D:6)
  A white imp (D:7)
  2 ufetubi (D:7)
  2 worms (D:3)
  2 dart slugs
  28 orcs
  7 ball pythons
  7 endoplasms
  3 giant cockroaches
  2 goblins
  3 hobgoblins
  3 jackals (D:2)
  20 kobolds
  6 quokkas
  3 bats
  3 frilled lizards
  2 rats (D:1)
  A spectral orc (D:3)
173 creatures vanquished.

Vanquished Creatures (others)
  3 fungi (D:4)
  7 plants
10 creatures vanquished.

Grand Total: 183 creatures vanquished

Notes
Turn   | Place    | Note
-------+----------+-------------------------------------------
     0 | D:1      | Majang the Armataur Fighter began the quest for the Orb.
     0 | D:1      | Reached XP level 1. HP: 19/19 MP: 1/1
    87 | D:1      | Reached skill level 2 in Unarmed Combat
   177 | D:1      | Reached XP level 2. HP: 24/26 MP: 2/2
   870 | D:2      | Reached XP level 3. HP: 30/33 MP: 3/3
   991 | D:2      | Reached skill level 3 in Unarmed Combat
  1608 | D:3      | Reached XP level 4. HP: 26/40 MP: 4/4
  1752 | D:3      | Found a shimmering altar of Xom.
  1813 | D:3      | Reached skill level 4 in Unarmed Combat
  2096 | D:3      | Reached XP level 5. HP: 49/49 MP: 5/5
  2188 | D:3      | Found a hazy altar of Hepliaklqana.
  2269 | D:4      | Found a broken altar of Ashenzari.
  2472 | D:4      | Noticed an ogre
  2485 | D:4      | Killed an ogre
  2657 | D:4      | Reached XP level 6. HP: 50/55 MP: 6/6
  2663 | D:4      | Reached skill level 5 in Unarmed Combat
  2953 | D:4      | Found a hide-covered altar of Uskayaw.
  3414 | D:5      | Entered Level 5 of the Dungeon
  3435 | D:5      | Found a radiant altar of Vehumet.
  3491 | D:5      | Reached XP level 7. HP: 60/64 MP: 7/7
  3503 | D:5      | Reached skill level 6 in Unarmed Combat
  3560 | D:5      | Reached skill level 5 in Fighting
  3935 | D:5      | Found a basalt altar of Yredelemnul.
  4006 | D:5      | Reached skill level 7 in Unarmed Combat
  4006 | D:5      | Reached XP level 8. HP: 73/73 MP: 8/8
  4014 | D:5      | Reached skill level 1 in Throwing
  4526 | D:6      | Noticed Prince Ribbit
  4667 | D:6      | Killed Prince Ribbit
  4668 | D:6      | Reached skill level 1 in Dodging
  4823 | D:6      | Noticed Pikel
  5023 | D:6      | Killed Pikel
  5072 | D:6      | Found a stormy altar of Qazlal.
  5124 | D:6      | Became a worshipper of Qazlal Stormbringer
  5195 | D:6      | Reached XP level 9. HP: 74/80 MP: 9/9
  5416 | D:6      | Found an opulent altar of Gozag.
  5736 | D:7      | Reached skill level 5 in Armour
  5863 | D:7      | Reached skill level 8 in Unarmed Combat
  5863 | D:7      | Reached skill level 1 in Evocations
  5866 | D:7      | Reached skill level 1 in Invocations
  6392 | D:7      | Found a staircase to the Ecumenical Temple.
  6401 | Temple   | Entered the Ecumenical Temple
  6468 | D:7      | Found Xeyf's Antique Weapon Shop.
  6606 | D:7      | Reached * piety under Qazlal
  6613 | D:7      | Noticed a troll
  6638 | D:7      | Reached skill level 5 in Shields
  6645 | D:7      | Killed a troll
  7229 | D:8      | Reached XP level 10. HP: 89/89 MP: 11/11
  7252 | D:8      | Found an ornate altar of the Wu Jian Council.
  7682 | D:8      | Identified the +7 whip "Menan" {holy, Dex+2}
  7695 | D:8      | Reached ** piety under Qazlal
  7726 | D:8      | Killed from afar by a shadow imp

Illustrated notes

Levels and vault maps discovered:
D:1:      minmay_arrival_widening_spiral_wide, layout_basic
D:2:      layout_basic, chequers_mini_garden, wad_floor_pattern_2
D:3:      layout_basic, lemuel_tele_altar,
          nicolae_hepliaklqana_monster_ancestors
D:4:      layout_loops_corners, cheibrodos_ashenzari_chains,
          nicolae_uskayaw_dance_hall, dreamdust_gnoll_farm
D:5:      layout_gridville, mainiacjoe_overflow_six_doors_small,
          lemuel_mausoleum_altar_yredelemnul, serial_rivers,
          chequers_serial_rivers_micro_a, chequers_serial_rivers_small_3,
          chequers_serial_rivers_marsh, chequers_serial_rivers_small_3,
          chequers_serial_rivers_micro_e
D:6:      layout_loops_ring, lemuel_coloured_pillars_altar,
          mainiacjoe_overflow_boulevard, ebering_dispersal_statue_hall,
          uniq_prince_ribbit1, uniq_pikel
D:7:      layout_cave_pools, minmay_temple_entry_crystal_x, serial_shops,
          nicolae_shop_hallway_stairs, grunt_potential
D:8:      nzn_winding_woodlands_medium [nzn_winding_woodlands_hourglass,
          nzn_winding_woodlands_5x15_pathside_ponds,
          nzn_winding_woodlands_5x5_open_star,
          nzn_winding_woodlands_5x5_closed_star,
          nzn_winding_woodlands_center_diamonds,
          nzn_winding_woodlands_5x5_cross, nzn_winding_woodlands_5x5_perimeter,
          nzn_winding_woodlands_5x15_twine,
          nzn_winding_woodlands_5x5_checkerboard], layout_gridville,
          kennysheep_mini, nzn_wu_jian_contemplation
Temple:   hellmonk_temple_of_storms

Skill      XL: |  1  2  3  4  5  6  7  8  9 |
---------------+----------------------------+-----
Unarmed Combat | 2 3 4 5 7 8 |  8.6
Fighting       | 3 4 5 6 |  6.4
Throwing       | 3 4 |  4.9
Armour         | 4 5 |  5.8
Dodging        | 1 2 |  2.6
Shields        | 4 5 |  5.4
Evocations     | 2 |  2.6
Invocations    | 2 |  2.5

Action                     |  1- 3 |  4- 6 |  7- 9 | 10-12 || total
---------------------------+-------+-------+-------+-------++-------
  Melee: Unarmed           |   125 |   146 |   415 |    63 ||   749
         Tailslap          |    14 |    16 |    55 |    10 ||    95
  Throw: Javelin           |       |     2 |     2 |       ||     4
  Evoke: Wand              |       |       |     2 |       ||     2
    Use: Potion            |     2 |     1 |     3 |       ||     6
         Scroll            |       |    10 |     2 |       ||    12
 Armour: Scale mail        |    65 |    66 |   143 |    21 ||   295
  Dodge: Dodged            |    43 |    38 |   116 |    19 ||   216
  Block: Buckler           |    28 |    18 |   104 |    25 ||   175

Table legend: (Time is in decaauts)
 A = Elapsed time spent in this place.
 B = Non-inter-level travel time spent in this place.
 C = Inter-level travel time spent in this place.
 D = Time resting spent in this place.
 E = Time spent auto-exploring this place.
 F = Levels seen in this place.
 G = Mean time per level.
                   A        B        C        D        E       F      G
               +--------+--------+--------+--------+--------+-----+--------+
         Total |   7662 |   7561 |    101 |   2206 |   3396 |   9 |  851.3 |
       Dungeon |   7622 |   7521 |    101 |   2206 |   3396 |   8 |  952.8 |
        Temple |     39 |     39 |      0 |      0 |      0 |   1 |   39.0 |
               +--------+--------+--------+--------+--------+-----+--------+

Top non-repeatable levels by time:
     D:7: 1333 daAuts
     D:6: 1231 daAuts
     D:5: 1181 daAuts
     D:4: 1127 daAuts
     D:3: 872 daAuts
     D:1: 738 daAuts
     D:2: 671 daAuts
     D:8: 466 daAuts
  Temple: 39 daAuts
